 Dungeon Crawl Stone Soup version 0.29-a0-1039-gfc20370e89 (webtiles) character file.

Game seed: 14299282149937114700

21 BritishOli the Trooper (level 2, -6/24 HPs)
             Began as a Demonspawn Fighter on Aug 15, 2022.
             Mangled by Jessica
             ... wielding a +5 dagger of speed
              (7 damage)
             ... on level 2 of the Dungeon.
             The game lasted 00:00:39 (996 turns).

BritishOli the Trooper (Demonspawn Fighter)          Turns: 996, Time: 00:00:41

Health: -6/24      AC:  7    Str: 16    XL:     2   Next: 65%
Magic:  0/2        EV:  8    Int:  9    God:
Gold:   62         SH:  4    Dex: 12    Spells: 1/1 levels left

rFire   . . .      SeeInvis .   a - +0 long sword
rCold   . . .      Faith    .   c - +0 buckler
rNeg    . . .      Spirit   +   b - +0 scale mail
rPois   .          Reflect  .   (no helmet)
rElec   .          Harm     .   (no cloak)
rCorr   .          Rampage  .   g - +0 pair of gloves
Will    .....                   (no boots)
Stlth   ..........              h - amulet of guardian spirit
HPRegen 0.08/turn               (no ring)
MPRegen 0.08/turn               (no ring)

@: no status effects
A: hooves 1
a: no special abilities


You were on level 2 of the Dungeon.
You visited 1 branch of the dungeon, and saw 2 of its levels.

You collected 62 gold pieces.

Inventory:

Hand Weapons
 a - a +0 long sword (weapon)
Armour
 b - a +0 scale mail (worn)
 c - a +0 buckler (worn)
 g - a +0 pair of gloves (worn)
Jewellery
 h - an amulet of guardian spirit (around neck)
Scrolls
 i - 2 scrolls of teleportation {unknown}
 j - a scroll of fog {unknown}
Potions
 d - a potion of might
 e - 2 potions of resistance {unknown}
 f - 3 potions of curing {unknown}


   Skills:
 + Level 3.2 Fighting
 + Level 2.1 Long Blades
 + Level 3.0 Armour
 + Level 2.9 Shields


You had one spell level left.
You didn't know any spells.
Your spell library was empty.

Dungeon Overview and Level Annotations

Branches:
Dungeon (2/15)

Altars:

Annotations:
D:2 Jessica


Innate Abilities, Weirdness & Mutations

You have large cloven feet.


Message History

Found 5 stones.
No target in view!
You see here 5 stones.
Found a stone staircase leading down.
No target in view!
No target in view!
No target in view!
f - 3 bubbling dark potions (gained 1) Key pressed, stopping explore.
No target in view!
No target in view!
No target in view!
You now have 62 gold pieces (gained 4).
You see here a staff of conjuration.
No target in view!
No target in view!
Jessica the Apprentice Sorceress comes into view.
She is wielding a +5 dagger of speed.
Jessica shouts!
Jessica points at you and mumbles some strange words.
Pain shoots through your body!
Jessica is nearby!
You closely miss Jessica.
Jessica hits you with a +5 dagger of speed!
Jessica misses you.
You closely miss Jessica. You kick Jessica.
Jessica is moderately wounded.
Jessica shouts, "I don't like beings like you!"
Jessica hits you with a +5 dagger of speed.
Jessica hits you but does no damage.
You are too injured to fight recklessly!
You are too injured to fight recklessly!
You are too injured to fight recklessly!
You are too injured to fight recklessly!
You hit Jessica but do no damage.
Jessica is moderately wounded.
Jessica casts a spell at you. Pain shoots through your body!
* * * LOW HITPOINT WARNING * * *
Jessica hits you with a +5 dagger of speed!
You die...

#.......# ##...##
#.###.#.# ##+##
#.###.#.#
#.##..#.#
#.##.##.#
#|##.##.# .
#.......# ##...
####.######...#..
#......@@......
##.######...##.
### ###


You could see Jessica.

Vanquished Creatures
  A dart slug (D:2)
  3 bats (D:1)
  2 endoplasms (D:1)
  2 giant cockroaches (D:1)
  2 hobgoblins (D:1)
  2 kobolds (D:1)
  A quokka (D:1)
  2 ball pythons (D:1)
  3 rats (D:1)
18 creatures vanquished.

Notes
Turn   | Place    | Note
-------+----------+-------------------------------------------
     0 | D:1      | BritishOli the Demonspawn Fighter began the quest for the
                  | Orb.
     0 | D:1      | Reached XP level 1. HP: 18/18 MP: 1/1
   379 | D:1      | Gained mutation: You have large cloven feet. [demonic
                  | ancestry]
   379 | D:1      | Reached XP level 2. HP: 24/24 MP: 2/2
   511 | D:1      | Found a faded altar of an unknown god.
   990 | D:2      | Noticed Jessica
   996 | D:2      | HP: 1/24 [Jessica/nerve-wracking pain (9)]
   996 | D:2      | Mangled by Jessica

Illustrated notes

Levels and vault maps discovered:
D:1:      matt_arrival_spirals, layout_basic, basic_ecumenical_altar
D:2:      minmay_roachtagon, layout_loops_corners, minmay_tree_intersection,
          uniq_jessica

Skill      XL: |  1  2 |
---------------+-------+-----
Long Blades    | 2 |  2.1
Armour         | 3 |  3.0
Fighting       | |  3.2
Shields        | |  2.9

Action                   || total
-------------------------++-------
Melee: Long sword        ||    44
       Kick              ||     5
Armor: Scale mail        ||    17
Dodge: Dodged            ||    15
Block: Buckler           ||    11

Table legend: (Time is in decaauts)
 A = Elapsed time spent in this place.
 B = Non-inter-level travel time spent in this place.
 C = Inter-level travel time spent in this place.
 D = Time resting spent in this place.
 E = Time spent auto-exploring this place.
 F = Levels seen in this place.
 G = Mean time per level.
                   A        B        C        D        E       F      G
               +--------+--------+--------+--------+--------+-----+--------+
         Total |   1010 |   1002 |      8 |      0 |    861 |   2 |  505.0 |
       Dungeon |   1010 |   1002 |      8 |      0 |    861 |   2 |  505.0 |
               +--------+--------+--------+--------+--------+-----+--------+

Top non-repeatable levels by time:
     D:1: 875 daAuts
     D:2: 135 daAuts
